 Dungeon Crawl Stone Soup version 0.29-a0-352-g0917bc69df (webtiles) character file.

Game seed: 7829704170984067595

1440 pokeman the Thaumaturge (level 8, -25/44 HPs)
             Began as a Deep Elf Hedge Wizard on Apr 24, 2022.
             Annihilated by a two-headed ogre
             ... wielding a +0 giant spiked club
              (31 damage)
             ... on level 6 of the Dungeon.
             The game lasted 00:11:06 (6554 turns).

pokeman the Thaumaturge (Deep Elf Hedge Wizard)     Turns: 6554, Time: 00:11:07

Health: -25/44     AC:  4    Str:  7    XL:     8   Next: 46%
Magic:  16/23      EV: 12    Int: 22    God:
Gold:   367        SH:  5    Dex: 14    Spells: 15/26 levels left

rFire   . . .      SeeInvis .   l - +1 short sword (venom)
rCold   . . .      Faith    .   (no shield)
rNeg    . . .      Spirit   .   C - +0 leather armour
rPois   .          Reflect  +   p - +0 helmet
rElec   .          Harm     .   (no cloak)
rCorr   .          Rampage  .   (no gloves)
Will    +....                   (no boots)
Stlth   ++........              r - amulet of reflection
HPRegen 0.14/turn               K - ring of willpower
MPRegen 0.18/turn               (no ring)

@: no status effects
A: no striking features
a: no special abilities


You were on level 6 of the Dungeon.
You visited 1 branch of the dungeon, and saw 6 of its levels.

You collected 367 gold pieces.

Inventory:

Hand Weapons
 b - a +0 shortbow
 l - a +1 short sword of venom (weapon)
 w - the +3 dagger "Lymmyboa" {flame, rF+ Dex+3}
   (You found it on level 3 of the Dungeon)

   It burns those it strikes, dealing additional fire damage.
   Dex:       It affects your dexterity (+3).
   rF:        It protects you from fire.
 L - a +0 whip of electrocution
Armour
 p - a +0 helmet (worn)
 u - the +0 helmet of Pagit {rElec rF- Str+3}
   (You found it on level 2 of the Dungeon)

   Str:       It affects your strength (+3).
   rF:        It makes you vulnerable to fire.
   rElec:     It insulates you from electricity.
 y - an orb of guile
 C - a +0 leather armour (worn)
Magical Staves
 H - a staff of earth
Jewellery
 i - a ring of ice
 r - an amulet of reflection (around neck)
 K - a ring of willpower (left hand)
Wands
 c - a wand of flame (31)
 E - a wand of mindburst (15)
 F - a wand of polymorph (7)
 J - a wand of iceblast (10)
Scrolls
 a - 5 scrolls of teleportation {unknown}
 e - 2 scrolls of enchant armour {unknown}
 g - a scroll of fog {unknown}
 h - 7 scrolls of identify {unknown}
 j - 4 scrolls of enchant weapon {unknown}
 m - 2 scrolls of amnesia {unknown}
 n - a scroll of blinking {unknown}
 o - a scroll of immolation {unknown}
 s - 5 scrolls of magic mapping {unknown}
 t - 2 scrolls of fear {unknown}
 v - 2 scrolls of torment {unknown}
 A - 2 scrolls of noise {unknown}
 I - a scroll of acquirement {unknown}
Potions
 d - a potion of magic
 f - a potion of cancellation {unknown}
 k - 2 potions of curing {unknown}
 q - a potion of haste {unknown}
 x - 3 potions of lignification {unknown}
 z - 2 potions of flight {unknown}
 B - a potion of heal wounds {unknown}
 D - a potion of attraction {unknown}
 G - a potion of brilliance {unknown}


   Skills:
 - Level 2.0 Fighting
 + Level 2.3 Armour
 - Level 3.0 Dodging
 - Level 3.0 Stealth
 * Level 9.7 Spellcasting
 + Level 5.1 Conjurations
 - Level 1.1 Summonings
 - Level 1.1 Translocations
 + Level 3.8 Fire Magic
 - Level 1.0 Air Magic
 - Level 1.0 Earth Magic
 - Level 1.3 Poison Magic
 - Level 1.1 Evocations


You had 15 spell levels left.
You knew the following spells:

 Your Spells              Type           Power      Damage    Failure   Level
a - Magic Dart            Conj           100%       1d8       1%          1
b - Mephitic Cloud        Conj/Pois/Air  21%        N/A       10%         3
c - Call Imp              Summ           15%        N/A       9%          2
d - Blink                 Tloc           30%        N/A       9%          2
e - Conjure Flame         Conj/Fire      30%        6-21      4%          3

Your spell library contained the following spells:

 Spells                   Type           Power      Damage    Failure   Level
 Slow                     Hex            40%        N/A       9%          1


Dungeon Overview and Level Annotations

Branches:
Dungeon (6/15)
 Temple: D:4-7

Altars:
Cheibriados
Hepliaklqana
Makhleb
Qazlal
Sif Muna
Xom
Yredelemnul

Annotations:
D:6 1 runed translucent door, sammy202020's ghost, novice DsBe


Message History

Unknown command.
Casting: Magic Dart (safe; 1% risk of failure)
Confirm with . or Enter, or press ? or * to list all spells.
You can't see any susceptible monsters within range! (Use Z to cast anyway.) Unknown command.
You open the door.
There is an open door here.
Found a leather armour.
You open the door.
There is an open door here.
You now have 367 gold pieces (gained 9).
You open the door.
A two-headed ogre comes into view.
It is wielding a +0 giant spiked club and a +0 giant club.
Found a scroll labelled XUOTOLEAJE.
There is an open door here.
Casting: Magic Dart (safe; 1% risk of failure)
Confirm with . or Enter, or press ? or * to list all spells.
The fire begins to smoulder!
The fire ignites!
Casting: Conjure Flame (dangerous; 4% risk of failure)
Confirm with . or Enter, or press ? or * to list all spells.
The fire begins to smoulder!
The fire ignites!
Casting: Conjure Flame (dangerous; 4% risk of failure)
Confirm with . or Enter, or press ? or * to list all spells.
A beastly little devil appears in a puff of flame.
The two-headed ogre is engulfed in blazing flames.
You swap places.
The two-headed ogre is engulfed in blazing flames.
Your crimson imp hits the two-headed ogre.
The two-headed ogre hits you with a +0 giant spiked club!
The two-headed ogre hits you with a +0 giant club!!
Ouch! That really hurt!
* * * LOW HITPOINT WARNING * * *
Your crimson imp hits the two-headed ogre.
Your crimson imp hits the two-headed ogre.
The two-headed ogre attacks as you move away!
The two-headed ogre hits you with a +0 giant spiked club!!
Ouch! That really hurt!
You die...

.. #...............^ ..
#................ #.
###....####'####+
###.#############..##
#...#...#.[.........#
#...#...#...........#
#...#...+...........#
#...ยงยง5O#...........#
###.###@###'#########
#. ##.###..### ..
#.........# ...
#.........# ?...
#.........# .....
#.........# ......
#.........# ######+####


You could see a two-headed ogre (ally target) and a friendly crimson imp
(summoned).

Vanquished Creatures
  Prince Ribbit (D:5)
  Eustachio (D:4)
  Edmund (D:5)
  A sky beast (D:6)
  3 ogres
  A centaur (D:4)
  Blork the orc (D:5)
  A scorpion (D:4)
  3 hounds
  A jelly (D:5)
  Jessica (D:2)
  Natasha (thrice) (D:2)
  5 gnolls
  9 adders
  2 worms (D:3)
  3 dart slugs
  2 orcs
  5 endoplasms
  3 giant cockroaches
  5 goblins
  9 hobgoblins
  5 kobolds
  2 quokkas
  2 ball pythons
  6 bats
  4 frilled lizards
  3 rats
83 creatures vanquished.

Vanquished Creatures (collateral kills)
  A dart slug (D:4)
1 creature vanquished.

Grand Total: 84 creatures vanquished

Notes
Turn   | Place    | Note
-------+----------+-------------------------------------------
     0 | D:1      | pokeman the Deep Elf Hedge Wizard began the quest for the
                  | Orb.
     0 | D:1      | Reached XP level 1. HP: 10/10 MP: 7/7
   237 | D:1      | Reached XP level 2. HP: 16/16 MP: 0/9
  1536 | D:2      | Found a faded altar of an unknown god.
  1548 | D:2      | Found a shimmering altar of Xom.
  1565 | D:2      | Reached skill level 5 in Spellcasting
  1695 | D:2      | Reached XP level 3. HP: 20/20 MP: 3/11
  1699 | D:2      | Learned a level 3 spell: Mephitic Cloud
  1702 | D:2      | Learned a level 2 spell: Call Imp
  1705 | D:2      | Learned a level 2 spell: Blink
  1709 | D:2      | Learned a level 3 spell: Conjure Flame
  1877 | D:2      | Noticed Jessica
  1882 | D:2      | Killed Jessica
  1883 | D:2      | Reached skill level 1 in Fighting
  1883 | D:2      | Reached skill level 1 in Armour
  2026 | D:2      | Reached XP level 4. HP: 23/25 MP: 5/13
  2279 | D:2      | Noticed Natasha
  2288 | D:2      | Killed Natasha
  2289 | D:2      | Reached skill level 1 in Fire Magic
  2327 | D:2      | Reached skill level 6 in Spellcasting
  2347 | D:2      | Reached XP level 5. HP: 29/29 MP: 10/15
  2693 | D:2      | Noticed Natasha
  2700 | D:2      | Killed Natasha
  2745 | D:2      | Noticed Natasha
  2755 | D:2      | Killed Natasha
  2839 | D:2      | Identified the +0 helmet of Pagit {rElec rF- Str+3}
  3248 | D:3      | Reached skill level 1 in Air Magic
  3385 | D:3      | Identified the +3 dagger "Lymmyboa" {flame, rF+ Dex+3}
  3939 | D:4      | Noticed Eustachio
  3954 | D:4      | Killed Eustachio
  3955 | D:4      | Reached skill level 7 in Spellcasting
  3955 | D:4      | Reached skill level 1 in Poison Magic
  3955 | D:4      | Reached skill level 1 in Evocations
  3955 | D:4      | Reached XP level 6. HP: 17/34 MP: 15/18
  4147 | D:4      | Reached XP level 7. HP: 8/38 MP: 5/20
  4789 | D:4      | Found a basalt altar of Yredelemnul.
  4859 | D:4      | Found a hazy altar of Hepliaklqana.
  5098 | D:5      | Entered Level 5 of the Dungeon
  5121 | D:5      | Noticed Blork the orc
  5122 | D:5      | Reached skill level 8 in Spellcasting
  5128 | D:5      | Killed Blork the orc
  5129 | D:5      | Reached skill level 1 in Earth Magic
  5287 | D:5      | Found a snail-covered altar of Cheibriados.
  5565 | D:5      | Found a shimmering blue altar of Sif Muna.
  5599 | D:5      | Noticed Prince Ribbit
  5611 | D:5      | Killed Prince Ribbit
  5612 | D:5      | Reached skill level 9 in Spellcasting
  5612 | D:5      | Reached XP level 8. HP: 21/44 MP: 17/23
  5894 | D:5      | Found a burning altar of Makhleb.
  6017 | D:5      | Noticed Edmund
  6035 | D:5      | Killed Edmund
  6197 | D:5      | Found a stormy altar of Qazlal.
  6414 | D:6      | Found a runed translucent door.
  6425 | D:6      | Noticed sammy202020's ghost (novice DsBe)
  6437 | D:6      | Reached skill level 5 in Conjurations
  6545 | D:6      | Noticed a two-headed ogre
  6554 | D:6      | Annihilated by a two-headed ogre

Illustrated notes

Levels and vault maps discovered:
D:1:      mrwooster_arrival_statue, layout_basic, serial_rivers,
          chequers_serial_rivers_room_a, chequers_serial_rivers_room_a,
          chequers_serial_rivers_micro_e, chequers_serial_rivers_micro_e
D:2:      layout_loops_ring, nicolae_ecumenical_pavilion, basic_altar,
          kennysheep_small_spiral, minmay_statues_item, uniq_jessica,
          uniq_natasha
D:3:      layout_loops_ring
D:4:      layout_loops_ring, mainiacjoe_overflow_tiny_flanked,
          nicolae_hepliaklqana_hazy_memory, minmay_pentangle, uniq_eustachio
D:5:      layout_loops_ring, mainiacjoe_overflow_brackets,
          mainiacjoe_overflow_chevrons, mainiacjoe_overflow_alcove_1,
          makhleb_heckhound_becter, uniq_edmund, uniq_blork_the_orc,
          uniq_prince_ribbit1
D:6:      layout_gridville, trog_butcher_becter, ebering_ghost_sewer_d,
          uniq_crazy_yiuf_cottage

Skill      XL: |  1  2  3  4  5  6  7  8 |
---------------+-------------------------+-----
Spellcasting   | 5 6 7 9 |  9.7
Fighting       | 1 2 |  2.0
Armour         | 1 2 |  2.3
Conjurations   | 2 3 4 5 |  5.1
Fire Magic     | 1 3 |  3.8
Dodging        | 3 |  3.0
Air Magic      | 1 |  1.0
Stealth        | 3 |  3.0
Poison Magic   | 1 |  1.3
Evocations     | 1 |  1.1
Earth Magic    | 1 |  1.0
Summonings     | |  1.1
Translocations | |  1.1

Action                   |  1- 3 |  4- 6 |  7- 9 || total
-------------------------+-------+-------+-------++-------
Melee: Short sword       |     3 |    25 |    37 ||    65
       Punch             |       |       |     1 ||     1
 Cast: Magic Dart        |    78 |    79 |    54 ||   211
       Mephitic Cloud    |     1 |     8 |     7 ||    16
       Conjure Flame     |     1 |       |     3 ||     4
       Call Imp          |       |     1 |     2 ||     3
 Stab: Confused          |       |     4 |     8 ||    12
       Sleeping          |       |     1 |       ||     1
Armor: Robe              |     2 |     2 |       ||     4
       Leather armour    |       |       |     4 ||     4
Dodge: Dodged            |    17 |     7 |     8 ||    32
Block: Other             |       |     4 |     8 ||    12

Table legend: (Time is in decaauts)
 A = Elapsed time spent in this place.
 B = Non-inter-level travel time spent in this place.
 C = Inter-level travel time spent in this place.
 D = Time resting spent in this place.
 E = Time spent auto-exploring this place.
 F = Levels seen in this place.
 G = Mean time per level.
                   A        B        C        D        E       F      G
               +--------+--------+--------+--------+--------+-----+--------+
         Total |   6559 |   6452 |    107 |      9 |   5735 |   6 | 1093.2 |
       Dungeon |   6559 |   6452 |    107 |      9 |   5735 |   6 | 1093.2 |
               +--------+--------+--------+--------+--------+-----+--------+

Top non-repeatable levels by time:
     D:1: 1535 daAuts
     D:2: 1443 daAuts
     D:5: 1308 daAuts
     D:4: 1289 daAuts
     D:3: 831 daAuts
     D:6: 150 daAuts
